 Dungeon Crawl Stone Soup version 0.17.1-2-g5865329 (webtiles) character file.

471 PossumBlood the Thaumaturge (level 6, 0/32 HPs)
             Began as a Deep Elf Wizard on Jan 22, 2016.
             Succumbed to a scorpion's poison
             ... on level 4 of the Dungeon.
             The game lasted 00:21:27 (4839 turns).

PossumBlood the Thaumaturge (Deep Elf Wizard)       Turns: 4839, Time: 00:21:27

Health: 0/32       AC:  2    Str:  4    XL:     6   Next: 83%
Magic:  11/19      EV: 12    Int: 25    God:
Gold:   160        SH:  0    Dex: 13    Spells: 6 memorised, 8 levels left

rFire  . . .     SeeInvis +     q - +1 quarterstaff
rCold  . . .     Clarity  .     a - +0 robe
rNeg   . . .     SustAt   .     (shield currently unavailable)
rPois  .         Gourm    .     b - +0 hat
rElec  .         Spirit   .     (no cloak)
rCorr  .         Warding  .     (no gloves)
rMut   .         Stasis   .     (no boots)
MR     .....                    (no amulet)
Stlth  ++........               p - ring of see invisible
                                l - ring of wizardry

@: lethally poisoned (0 -> -14), repel missiles, not resistant to hostile
enchantments, unstealthy
A: no striking features
a: no special abilities


You were on level 4 of the Dungeon.
You were not hungry.

You visited 1 branch of the dungeon, and saw 4 of its levels.
You also visited: Sewer.

You collected 160 gold pieces.

Inventory:

Hand Weapons
 q - a +1 quarterstaff (weapon)
Armour
 a - a +0 robe (worn)
 b - a +0 hat (worn)
Jewellery
 l - a ring of wizardry (left hand)
 o - a +2 ring of protection
 p - a ring of see invisible (right hand)
Scrolls
 k - a scroll of remove curse
 m - 2 scrolls of amnesia
 r - 2 scrolls of blinking
Potions
 e - a potion of invisibility
 f - 2 potions of lignification {unknown}
 g - 2 potions of ambrosia
 h - a potion of brilliance
 i - a potion of mutation {unknown}
 j - a potion of degeneration {unknown}
 n - a potion of resistance {unknown}
Books
 c - a book of Minor Magic

   Spells                             Type                      Level
   a - Magic Dart                     Conjuration                  1
   b - Blink                          Translocation                2
   c - Call Imp                       Summoning                    2
   d - Repel Missiles                 Charms/Air                   2
   e - Slow                           Hexes                        2
   f - Conjure Flame                  Conjuration/Fire             3
   g - Mephitic Cloud                 Conjuration/Poison/Air       3
Comestibles
 d - 5 meat rations
 s - a beef jerky


   Skills:
 - Level 2.4 Dodging
 - Level 2.4 Stealth
 + Level 8.0 Spellcasting
 + Level 5.5 Conjurations
   Level 1.1 Summonings
 - Level 1.1 Translocations


You had 8 spell levels left.
You knew the following spells:

 Your Spells              Type           Power        Failure   Level  Hunger
a - Magic Dart            Conj           ####         1%          1    None
b - Blink                 Tloc           N/A          3%          2    None
c - Repel Missiles        Chrm/Air       ##....       4%          2    None
d - Slow                  Hex            ##......     4%          2    None
e - Conjure Flame         Conj/Fire      ###.....     3%          3    None
f - Mephitic Cloud        Conj/Pois/Air  ###.....     4%          3    None


Dungeon Overview and Level Annotations

Branches:
Dungeon (4/15)
 Temple: D:4-7

Altars:
Qazlal
Yredelemnul


Message History

* * * LOW HITPOINT WARNING * * *
You feel sick.
The scorpion stings you but does no damage.
Casting: Magic Dart
Confirm with . or Enter, or press ? or * to list all spells.
Aiming: Magic Dart
Press: ? - help, Shift-Dir - straight line, f/p - scorpion
Aim: a scorpion (severely wounded)
The magic dart hits the scorpion.
The scorpion is almost dead.
* * * LOW HITPOINT WARNING * * *
You feel sick. The scorpion closely misses you.
Casting: Magic Dart
Confirm with . or Enter, or press ? or * to list all spells.
Aiming: Magic Dart
Press: ? - help, Shift-Dir - straight line, f/p - scorpion
Aim: a scorpion (almost dead)
The magic dart hits the scorpion.
The scorpion is almost dead.
You die...

#.................
###...............
##.##..........##
##(.#####......##
#..## ########
########.##
.........#
#######..# ##@#
#..s......
#.........
##........
#..†.....
#(.......
##....... _......


You could see a scorpion.

Vanquished Creatures
  2 giant frogs (Sewer)
  A scorpion (D:4)
  A worker ant (D:4)
  Natasha (twice) (D:2)
  3 adders
  12 oozes
  16 giant geckos
  14 orcs
  16 ball pythons
  15 giant cockroaches
  6 goblins
  5 hobgoblins
  7 jackals
  9 kobolds
  4 quokkas (D:2)
  12 bats
  8 giant newts
  10 rats
143 creatures vanquished.

Notes
Turn   | Place    | Note
--------------------------------------------------------------
     0 | D:1      | PossumBlood the Deep Elf Wizard began the quest for the Orb.
     0 | D:1      | Reached XP level 1. HP: 10/10 MP: 7/7
   245 | D:1      | Reached XP level 2. HP: 15/15 MP: 2/9
   275 | D:1      | Reached skill level 5 in Spellcasting
   598 | D:1      | Reached XP level 3. HP: 15/19 MP: 0/11
  1619 | D:2      | Learned a level 2 spell: Blink
  1622 | D:2      | Learned a level 2 spell: Repel Missiles
  1625 | D:2      | Learned a level 2 spell: Slow
  1629 | D:2      | Learned a level 3 spell: Conjure Flame
  1633 | D:2      | Learned a level 3 spell: Mephitic Cloud
  1846 | D:2      | Learned a level 1 spell: Magic Dart
  1992 | D:2      | Reached XP level 4. HP: 24/24 MP: 10/13
  2121 | D:2      | Noticed Natasha
  2129 | D:2      | Killed Natasha
  2129 | D:2      | Reached skill level 6 in Spellcasting
  2282 | D:2      | Noticed Natasha
  2285 | D:2      | Killed Natasha
  2722 | D:3      | Reached XP level 5. HP: 28/28 MP: 6/15
  3780 | D:4      | Found a stormy altar of Qazlal.
  3818 | D:4      | Found a glowing drain.
  3838 | D:4      | Reached skill level 7 in Spellcasting
  3842 | Sewer    | Entered a sewer
  3989 | Sewer    | Reached XP level 6. HP: 32/32 MP: 14/18
  4267 | Sewer    | Reached skill level 5 in Conjurations
  4732 | D:4      | Reached skill level 8 in Spellcasting
  4831 | D:4      | Found a basalt altar of Yredelemnul.
  4838 | D:4      | HP: 1/32 [poisoned by a scorpion]
  4839 | D:4      | Succumbed to a scorpion's poison

Action                   |  1- 3 |  4- 6 || total
-------------------------+-------+-------++-------
Melee: Quarterstaff      |       |     1 ||     1
 Cast: Magic Dart        |   110 |   220 ||   330
       Repel Missiles    |     1 |     1 ||     2
       Blink             |       |     4 ||     4
       Conjure Flame     |       |     2 ||     2
  Use: Scroll            |    10 |     4 ||    14
  Eat: Bread ration      |     1 |       ||     1
       Meat ration       |       |     1 ||     1
       Pizza             |       |     2 ||     2
